Map: Jagannatha LE

Players

Pumba - Winner!

  • Race: Zerg Zerg
  • League: Diamond
  • Spawn Location: 1:00

YES

  • Race: Terran Terran
  • League: Master
  • Spawn Location: 7:00

VOD

Have the link to the VOD?

Description

Time

  • Played on: Aug. 31, 2021, 6:34 p.m.
  • Length: 14:27
Show
View Real Time Build Order
Export as new Build Order

Pumba Zerg - Winner!

Build Orders: Pool First 

Get SALT Encoding   

  12  0:00  Drone  
  13  0:13  Overlord  
  13  0:17  Drone  
  14  0:31  Drone x2  
  16  0:37  Drone  
  16  0:40  Extractor  
  16  0:46  Drone  
  17  0:52  Spawning Pool  
  17  0:57  Drone  
  17  1:07  Drone  
  18  1:19  Drone  
  18  1:25  Hatchery  
  18  1:39  Queen  
  20  1:40  Zergling x2  
  20  1:45  Overlord  
  21  1:52  Metabolic Boost  
  21  1:55  Drone  
  22  2:08  Drone  
  23  2:15  Queen  
  25  2:19  Drone  
  26  2:26  Drone  
  26  2:37  Lair  
  26  2:40  Drone  
  26  2:41  Extractor  
  26  2:42  Drone  
  27  2:55  Drone x3  
  27  2:56  Drone  
  27  2:58  Zergling x2  
  32  2:59  Zergling x2  
  32  3:03  Overlord  
  33  3:08  Queen  
  35  3:22  Drone x3  
  35  3:26  Drone x5  
  43  3:29  Overlord  
  43  3:41  Spire  
  43  3:42  Overseer  
  43  3:46  Drone x2  
  44  3:57  Drone x5  
  44  4:01  Drone x2  
  51  4:15  Hatchery  
  50  4:19  Extractor  
  50  4:20  Extractor  
  50  4:21  Drone x3  
  51  4:24  Drone  
  51  4:26  Overlord  
  51  4:27  Overlord  
  52  4:31  Overlord  
  52  4:35  Overlord  
  52  4:58  Mutalisk x5  
  62  5:05  Mutalisk  
  64  5:16  Drone x6  
  70  5:27  Queen  
  72  5:30  Overlord x3  
  72  5:41  Drone x2  
  74  5:49  Drone x4, Evolution Chamber  
  77  5:50  Evolution Chamber  
  77  5:51  Baneling Nest  
  77  5:54  Hatchery  
  72  6:12  Drone x12  
  72  6:14  Overlord x2  
  72  6:15  Extractor  
  72  6:17  Extractor  
  82  6:20  Drone  
  82  6:23  Zerg Flyer Weapons Level 1  
  83  6:27  Hatchery  
  78  6:43  Drone x4  
  78  6:44  Drone  
  83  6:52  Mutalisk x9  
  101  6:55  Overseer  
  101  7:01  Zergling x10  
  106  7:09  Zerg Melee Weapons Level 1  
  106  7:10  Zerg Ground Armor Level 1, Centrifugal Hooks  
  106  7:16  Zergling x14  
  106  7:17  Overseer  
  113  7:23  Zergling x8  
  113  7:31  Zergling x6  
  109  7:42  Drone x9  
  117  7:46  Drone x2  
  119  7:56  Extractor  
  119  7:57  Extractor  
  117  7:59  Pneumatized Carapace  
  117  8:05  Mutalisk x4  
  117  8:08  Overlord x3  
  117  8:09  Overlord x4  
  117  8:10  Overlord  
  117  8:11  Overlord  
  123  8:29  Mutalisk x5  
  133  8:37  Zergling x22  
  144  8:45  Mutalisk x3  
  150  9:10  Zerg Melee Weapons Level 2, Zerg Ground Armor Level 2  
  150  9:11  Zerg Flyer Weapons Level 2  
  150  9:12  Mutalisk x2  
  150  9:14  Zergling x4  
  150  9:15  Zergling x24  
  168  9:26  Baneling x13  
  168  9:31  Zergling x18  
  173  9:47  Overseer x2  
  173  9:50  Zergling x2  
  173  9:51  Zergling x20  
  182  10:06  Baneling x13  
  169  10:07  Zergling x14  
  172  10:17  Baneling  
  172  10:18  Baneling x21  
  172  10:25  Zergling x6  
  175  10:30  Overlord x4  
  175  10:49  Overlord  
  175  10:56  Hatchery  
  165  11:05  Zergling x24  
  165  11:06  Zergling x6, Hatchery  
  165  11:20  Mutalisk x5  
  165  11:21  Mutalisk x6  
  185  11:43  Hatchery  
  184  11:49  Zerg Flyer Armor Level 1  
  184  11:50  Mutalisk x4  
  184  11:51  Zergling x6  
  184  11:52  Zergling x10  
  198  12:17  Zergling x2  
  198  12:18  Zergling x8  
Show
View Real Time Build Order
Export as new Build Order

YES Terran 

Build Orders: Reaper Expand 

Get SALT Encoding   

  12  0:01  SCV  
  13  0:14  SCV  
  13  0:21  Supply Depot  
  14  0:26  SCV  
  15  0:42  SCV  
  16  0:43  Barracks  
  16  0:47  Refinery  
  16  0:54  SCV  
  17  1:07  SCV  
  18  1:19  SCV  
  19  1:31  Reaper, Orbital Command  
  20  1:43  Command Center  
  20  1:53  Supply Depot  
  20  1:59  SCV  
  21  2:02  Marine  
  22  2:12  Factory  
  22  2:17  SCV  
  23  2:29  SCV  
  24  2:35  Barracks Reactor  
  23  2:41  SCV  
  23  2:42  Bunker  
  23  2:44  Refinery  
  24  2:53  SCV  
  24  2:55  Factory Tech Lab  
  25  3:01  Orbital Command  
  26  3:05  SCV  
  26  3:13  Marine x2  
  26  3:17  SCV  
  26  3:18  Refinery  
  29  3:25  Starport  
  29  3:28  SCV  
  29  3:29  SCV  
  29  3:33  Marine x2  
  32  3:37  Siege Tank  
  32  3:40  SCV  
  36  3:42  SCV  
  36  3:46  Supply Depot  
  37  3:51  Marine x2  
  37  3:52  SCV  
  37  3:54  SCV  
  41  4:03  Viking  
  41  4:04  SCV  
  41  4:06  SCV  
  41  4:09  Marine x2  
  50  4:10  Siege Tank  
  50  4:16  SCV  
  51  4:18  SCV  
  52  4:24  Supply Depot  
  52  4:26  Supply Depot  
  52  4:28  SCV  
  53  4:39  SCV  
  54  4:46  SCV  
  54  4:49  Command Center  
  54  4:51  SCV, Stimpack, Widow Mine x2  
  54  4:52  Marine, Starport Reactor  
  60  4:58  SCV  
  62  5:03  SCV  
  62  5:05  Supply Depot  
  63  5:10  SCV, Marine  
  63  5:11  Barracks  
  63  5:13  Barracks  
  65  5:15  SCV  
  66  5:22  Engineering Bay, SCV  
  66  5:25  Engineering Bay  
  66  5:28  SCV  
  68  5:30  Medivac x2, Marine  
  68  5:31  Widow Mine  
  68  5:34  Widow Mine  
  77  5:37  SCV  
  78  5:49  Supply Depot, Terran Infantry Weapons Level 1  
  78  5:51  SCV, Marine  
  75  5:57  SCV  
  75  6:03  SCV  
  73  6:09  SCV, Missile Turret  
  75  6:11  Missile Turret  
  75  6:13  Missile Turret, Orbital Command  
  75  6:15  SCV  
  75  6:17  Barracks Reactor, Medivac x2  
  79  6:21  SCV  
  79  6:23  Barracks Reactor  
  80  6:28  SCV  
  81  6:33  SCV  
  81  6:38  SCV  
  81  6:39  Terran Infantry Armor Level 1  
  83  6:40  SCV  
  83  6:45  SCV  
  84  6:50  SCV  
  84  6:51  Marine  
  84  6:52  SCV  
  84  6:53  Medivac, Widow Mine  
  91  6:54  Marine x2  
  91  6:59  Barracks  
  93  7:01  Barracks  
  93  7:04  Supply Depot  
  93  7:05  Orbital Command  
  93  7:09  Marine  
  93  7:10  SCV  
  93  7:12  Marine  
  96  7:16  Supply Depot  
  96  7:18  Supply Depot  
  96  7:20  Missile Turret  
  96  7:22  SCV  
  97  7:27  Marine  
  92  7:39  SCV x3  
  92  7:43  Supply Depot, Widow Mine  
  92  7:44  Medivac, Widow Mine  
  93  7:46  Marauder  
  93  7:49  Barracks Reactor, Armory  
  93  7:50  Barracks Reactor  
  91  7:51  Marine  
  91  7:52  Marine x3  
  91  7:54  Refinery  
  91  7:58  SCV x3  
  98  8:04  Supply Depot  
  98  8:06  Marine  
  98  8:09  Widow Mine, Marine  
  98  8:10  SCV x3, Combat Shield, Marine x3  
  107  8:22  SCV x3  
  107  8:24  Marine  
  107  8:26  Marine x2  
  110  8:27  Marine x6  
  117  8:34  SCV x3  
  117  8:35  Refinery  
  120  8:42  Marine  
  120  8:43  Widow Mine  
  120  8:44  Missile Turret, Widow Mine, Marine x3  
  120  8:45  Marine x5  
  120  8:46  SCV x2, Missile Turret  
  120  8:47  SCV  
  135  9:01  Supply Depot  
  135  9:02  Supply Depot x2  
  135  9:21  Refinery, Missile Turret  
  135  9:23  SCV x3, Marine x7  
  135  9:24  Medivac x2, Marine x2  
  145  9:35  SCV x2  
  148  9:40  Marine  
  148  9:43  Marine x3  
  148  9:44  Orbital Command, Marine x4  
  148  9:45  Marine  
  149  9:47  SCV  
  148  9:58  Marine  
  149  10:02  Marine x4  
  149  10:03  Widow Mine  
  135  10:18  Supply Depot x2  
  135  10:19  Supply Depot  
  135  10:21  Supply Depot  
  134  10:26  Orbital Command  
  134  10:32  Supply Depot x3  
  134  10:39  Terran Infantry Armor Level 2, Terran Infantry Weapons Level 2  
  134  10:40  Terran Vehicle And Ship Armor Level 1, Medivac x2, Marine x9  
  134  10:41  Widow Mine  
  151  10:43  Widow Mine  
  136  10:57  Marine x3  
  136  10:58  Marine x5  
  136  11:02  Widow Mine  
  135  11:04  Widow Mine  
  135  11:06  SCV x2  
  136  11:18  Marine  
  124  11:19  Marine x5  
  124  11:23  SCV x3  
  131  11:26  Widow Mine x2  
  133  11:35  SCV x3  
  136  11:47  SCV x3  
  136  11:52  Concussive Shells  
  136  11:53  Supply Depot, Medivac, Widow Mine x2  
  145  11:59  SCV  
  146  12:02  SCV x2  
  148  12:15  Widow Mine  
Tags
 
Add a new tag
Caveats
  • Supply blocks, unpowered buildings, or Contaminate may cause inaccurate times.
  • Supply counts are checked every 10 seconds.